 Dungeon Crawl Stone Soup version 0.26-a0-771-g060e6a62af (webtiles) character file.

Game seed: 11572510917745501316

74 Peloso the Skirmisher (level 4, -12/40 HPs)
             Began as a Minotaur Fighter on Nov 8, 2020.
             Mangled by an ogre
             ... wielding a +0 giant club
              (17 damage)
             ... on level 3 of the Dungeon.
             The game lasted 00:04:35 (1828 turns).

Peloso the Skirmisher (Minotaur Fighter)            Turns: 1828, Time: 00:04:36

Health: -12/40     AC: 10    Str: 19 (21) XL:     4   Next: 10%
Magic:  3/3        EV:  5    Int:  2 (5)  God:
Gold:   154        SH:  9    Dex:  7 (10) Spells: 3/3 levels left

rFire    + . .     SeeInvis .   a - +0 long sword
rCold    . . .     Faith    .   c - +0 kite shield
rNeg     . . .     Spirit   .   l - +0 chain mail
rPois    +         Reflect  .   (helmet restricted)
rElec    .         Harm     .   (no cloak)
rCorr    .         Rampage  .   (no gloves)
MR       .....                  o - +0 pair of boots
Stlth    ..........             (no amulet)
HPRegen  0.13/turn              (no ring)
MPRegen  0.08/turn              (no ring)

@: no status effects
A: retaliatory headbutt, horns 2, talons 1, fire resistance 1, poison resistance
a: no special abilities


You were on level 3 of the Dungeon.
You visited 1 branch of the dungeon, and saw 3 of its levels.

You collected 154 gold pieces.

Inventory:

Hand Weapons
 a - a +0 long sword (weapon)
Armour
 b - a +0 scale mail
 c - a +0 kite shield (worn)
 l - a +0 chain mail (worn)
 o - a +0 pair of boots (worn)
Scrolls
 e - 2 scrolls of teleportation {unknown}
 f - a scroll of magic mapping {unknown}
 g - 2 scrolls of remove curse {unknown}
 h - a scroll of random uselessness {unknown}
 i - a scroll of fog {unknown}
 j - 2 scrolls of fear {unknown}
 k - 2 scrolls of blinking {unknown}
 n - 2 scrolls of identify {unknown}
Potions
 d - a potion of might
 m - a potion of mutation
 p - 3 potions of flight


   Skills:
 + Level 4.2 Fighting
 + Level 3.8 Long Blades
 + Level 4.1 Armour
 + Level 0.6 Dodging
 + Level 4.1 Shields


You had 3 spell levels left.
You didn't know any spells.
Your spell library was empty.

Dungeon Overview and Level Annotations

Branches:
Dungeon (3/15)

Altars:
Ashenzari
Xom


Innate Abilities, Weirdness & Mutations

You reflexively headbutt those who attack you in melee.
You have a pair of horns on your head.
You have sharp toenails.
Your flesh is heat resistant. (rF+)
Your system is resistant to poisons. (rPois)


Message History

Ouch! That really hurt!
* * * LOW HITPOINT WARNING * * *
Okay, then.
Okay, then.
An orc comes into view. It is wielding a +0 club.
The orc shouts!
Found 15 gold pieces.
Found 7 gold pieces.
A kobold and an orc come into view.
The orc shouts!
The kobold shouts!
The orc moves out of view.
Found a scroll labeled NIPTUS JUEVVU and a potion of might.
Found a stone staircase leading down.
You block the orc's attack.
You see here 15 gold pieces.
You closely miss the orc. You block the kobold's attack.
The orc hits you with a +0 dagger.
* * * LOW HITPOINT WARNING * * *
The ogre hits you with a +0 giant club!
You die...

############
#..........#
#..........#
#........$.#
#..........#
#.!........#
#.....o....#
...##.##@####
#?>...KO...# ##
####.##K##....#
#.##.# .###
##.##o# ..# #.
#..##.#..#
##..###<###...####
.$...............#
###.###.##..####.#


You could see an ogre, 2 orcs and 2 kobolds.

Vanquished Creatures
  2 adders (D:2)
  4 worms (D:2)
  2 leopard geckos (D:1)
  4 bats (D:1)
  2 giant cockroaches
  4 goblins
  6 hobgoblins
  A quokka (D:2)
  10 frilled lizards
  5 kobolds
  6 rats
46 creatures vanquished.

Vanquished Creatures (others)
  A plant (D:1)
1 creature vanquished.

Grand Total: 47 creatures vanquished

Notes
Turn   | Place    | Note
-------+----------+-------------------------------------------
     0 | D:1      | Peloso the Minotaur Fighter began the quest for the Orb.
     0 | D:1      | Reached XP level 1. HP: 19/19 MP: 0/0
   212 | D:1      | Reached XP level 2. HP: 24/27 MP: 1/1
   431 | D:1      | Found a broken altar of Ashenzari.
  1274 | D:2      | Reached XP level 3. HP: 32/33 MP: 2/2
  1511 | D:2      | Reached XP level 4. HP: 39/40 MP: 3/3
  1675 | D:2      | Found a shimmering altar of Xom.
  1681 | D:2      | Gained mutation: Your flesh is heat resistant. (rF+)
                  | [potion of mutation]
  1681 | D:2      | Gained mutation: Your system is resistant to poisons.
                  | (rPois) [potion of mutation]
  1681 | D:2      | Gained mutation: You have sharp toenails. [potion of
                  | mutation]
  1813 | D:3      | Noticed an ogre
  1828 | D:3      | Mangled by an ogre

Illustrated notes

Levels and vault maps discovered:
D:1:      giann_wishing_wells, layout_loops_corners, serial_forest,
          infiniplex_forest_end_3, infiniplex_forest_end_double,
          infiniplex_forest_fountain, infiniplex_forest_lined_room_3,
          infiniplex_forest_zigzag_1, infiniplex_forest_clump_double,
          infiniplex_forest_straight_2, infiniplex_forest_end_3,
          ashenzari_altar_1
D:2:      layout_basic, old_standard_altar, supply_closet_lemuel,
          minmay_tiny_reverse_x
D:3:      lemuel_upstairs_altar, layout_rooms, bloody_trog, uniq_robin

Skill      XL: |  1  2 |
---------------+-------+-----
Fighting       | 4 |  4.2
Shields        | 4 |  4.1
Armour         | 4 |  4.1
Long Blades    | 3 |  3.8
Dodging        | |  0.6

Action                   |  1- 3 |  4- 6 || total
-------------------------+-------+-------++-------
Melee: Long sword        |   108 |    19 ||   127
       Headbutt          |    19 |     3 ||    22
  Use: Potion            |     2 |     4 ||     6
Armor: Scale mail        |    22 |       ||    22
       Chain mail        |    36 |     6 ||    42
Dodge: Dodged            |    33 |     1 ||    34
Block: Kite shield       |    47 |     9 ||    56
       Rpst.: Long sword |     5 |     1 ||     6

Table legend: (Time is in decaauts)
 A = Elapsed time spent in this place.
 B = Non-inter-level travel time spent in this place.
 C = Inter-level travel time spent in this place.
 D = Time resting spent in this place.
 E = Time spent auto-exploring this place.
 F = Levels seen in this place.
 G = Mean time per level.
                   A        B        C        D        E       F      G
               +--------+--------+--------+--------+--------+-----+--------+
         Total |   1849 |   1805 |     44 |      0 |   1369 |   3 |  616.3 |
       Dungeon |   1849 |   1805 |     44 |      0 |   1369 |   3 |  616.3 |
               +--------+--------+--------+--------+--------+-----+--------+

Top non-repeatable levels by time:
     D:1: 1267 daAuts
     D:2: 567 daAuts
     D:3: 15 daAuts
